 Dungeon Sprint DCSS version 0.29-a0-251-g80730f7218 (webtiles) character file.

Game seed: 4632815622911540750

132 mhtbhm the Cleaver (level 4, -12/48 HPs)
             Began as a Minotaur Berserker on Mar 5, 2022.
             Was a Follower of Trog.
             Mangled by a neqoxec (13 damage)
             ... while paralysed
             ... in the Dungeon (Sprint II: "The Violet Keep of Menkaure").
             The game lasted 00:00:05 (15 turns).

mhtbhm the Cleaver (Minotaur Berserker)               Turns: 15, Time: 00:00:07

Health: -12/48     AC:  2    Str: 24      XL:     4   Next: 92%
Magic:  3/3        EV:  2    Int:  0 (4)  God:    Trog [*.....]
Gold:   0          SH:  0    Dex:  9      Spells: 3/3 levels left

rFire   . . .      SeeInvis .   a - +0 hand axe
rCold   . . .      Faith    .   (no shield)
rNeg    . . .      Spirit   .   b - +0 animal skin
rPois   .          Reflect  .   (helmet restricted)
rElec   .          Harm     .   (no cloak)
rCorr   .          Rampage  .   (no gloves)
Will    .....      NoTele   +   (no boots)
Stlth   +.........              (no amulet)
HPRegen 0.16/turn               (no ring)
MPRegen 0.08/turn               (no ring)

@: paralysed, on berserk cooldown, slowed, lost intelligence, unable to read
A: horns 2, retaliatory headbutt, no potion heal 1, subdued magic 1
a: Renounce Religion, Berserk


You were in the Dungeon.
You worshipped Trog.
Trog was aware of your devotion.
You visited 1 branch

Inventory:

Hand Weapons
 a - a +0 hand axe (weapon)
Armour
 b - a +0 animal skin (worn)
Scrolls
 h - a scroll of blinking
Potions
 c - a potion of curing
 d - a potion of heal wounds
 e - a potion of haste
 f - 2 potions of magic
 g - a potion of berserk rage


   Skills:
 + Level 8.2 Fighting
 + Level 8.2 Axes
 + Level 4.3 Armour
 + Level 4.2 Dodging


You had 3 spell levels left.
You didn't know any spells.
Your spell library was empty.

Dungeon Overview and Level Annotations

Branches:
Dungeon (1/1)

Altars:


Innate Abilities, Weirdness & Mutations

You have a pair of horns on your head.
You reflexively headbutt those who attack you in melee.
Potions are less effective at restoring your health.
Your spells are a little easier to cast, but a little less powerful.


Message History

You hit the neqoxec. You miss the neqoxec. The neqoxec hits you! x3
You hit the neqoxec. Your headbutt misses the neqoxec.
The neqoxec is heavily wounded.
You hit the neqoxec. You barely miss the neqoxec.
Unknown command.
You barely miss the neqoxec. Your headbutt misses the neqoxec.
The neqoxec is heavily wounded.
You closely miss the neqoxec. x2; The neqoxec hits you!
The neqoxec closely misses you. The neqoxec hits you!
Unknown command.
You barely miss the neqoxec. Your headbutt misses the neqoxec.
The neqoxec is heavily wounded.
You barely miss the neqoxec. You slash the neqoxec!
The neqoxec completely misses you.
Unknown command.
You hit the neqoxec.
The neqoxec is heavily wounded.
You hit the neqoxec. You barely miss the neqoxec. The neqoxec hits you!
* * * LOW HITPOINT WARNING * * *
The neqoxec hits you.
* * * LOW HITPOINT WARNING * * *
Unknown command.
You miss the neqoxec.
The neqoxec is heavily wounded.
You hit the neqoxec but do no damage. You hit the neqoxec.
You are no longer berserk.
You are exhausted.
You feel yourself slow down. The neqoxec gestures at you.
You feel dopey.
You have lost your intelligence.
Something feeds on your intellect! The neqoxec gestures at you.
Strange energies course through your body.
Your connection to magic feels subdued.
The neqoxec gestures at you.
Something tries to feed on your intellect!
The neqoxec completely misses you. The neqoxec hits you.
* * * LOW HITPOINT WARNING * * *
The neqoxec hits you!
You die...

## ###
#.##..#
#333#
#@#
##.##
+.<.+
##.##
#+#


You could see 3 neqoxecs.

Vanquished Creatures
  A neqoxec (D)
1 creature vanquished.

Notes
Turn   | Place    | Note
-------+----------+-------------------------------------------
     0 | D        | mhtbhm the Minotaur Berserker began the quest for the Orb.
     0 | D        | Reached XP level 1. HP: 19/19 MP: 0/0
     1 | D        | Noticed a neqoxec
     1 | D        | Noticed a neqoxec
     1 | D        | Noticed a neqoxec
     1 | D        | Noticed a neqoxec
     7 | D        | Killed a neqoxec
     7 | D        | Gained mutation: Potions are less effective at restoring
                  | your health. [a neqoxec]
     8 | D        | Reached XP level 2. HP: 35/35 MP: 1/1
     8 | D        | Reached XP level 3. HP: 40/40 MP: 2/2
     8 | D        | Reached XP level 4. HP: 48/48 MP: 3/3
    14 | D        | Lost intelligence.
    14 | D        | Gained mutation: Your spells are a little easier to cast,
                  | but a little less powerful. [a neqoxec]
    15 | D        | HP: 1/48 [neqoxec (6)]
    15 | D        | Mangled by a neqoxec

Illustrated notes

Levels and vault maps discovered:
D:        the_violet_keep_of_menkaure [sprint2_stairs_cluster_1,
          sprint2_shoproom, sprint2_temple, sprint2_basic_supplies,
          sprint2_obstacle_7, sprint2_obstacle_2, sprint2_obstacle_5,
          sprint2_obstacle_1, sprint2_obstacle_3, sprint2_timed_cluster_1,
          sprint2_smallroom_cluster_1, sprint2_smallroom_final_cluster_1,
          sprint2_transparent_cluster_1, sprint2_second_timed_cluster_1,
          sprint2_sniper_area_1, sprint2_heavy_combat_area_1,
          sprint2_mutation_trap_area_1, sprint2_forest_area_1,
          sprint2_light_combat_area_1, sprint2_behind_water_1,
          sprint2_near_end_vault_1]

Skill      XL: |  1 |
---------------+----+-----
Fighting       | 8 |  8.2
Axes           | 8 |  8.2
Armour         | 4 |  4.3
Dodging        | 4 |  4.2

Action                   |  1- 3 |  4- 6 || total
-------------------------+-------+-------++-------
Melee: Hand axe          |     5 |     6 ||    11
Invok: Berserk           |     1 |       ||     1
Armor: Animal skin       |     1 |       ||     1
Dodge: Dodged            |     3 |     4 ||     7

Table legend: (Time is in decaauts)
 A = Elapsed time spent in this place.
 B = Non-inter-level travel time spent in this place.
 C = Inter-level travel time spent in this place.
 D = Time resting spent in this place.
 E = Time spent auto-exploring this place.
 F = Levels seen in this place.
 G = Mean time per level.
                   A        B        C        D        E       F      G
               +--------+--------+--------+--------+--------+-----+--------+
         Total |     11 |     11 |      0 |      0 |      1 |   1 |   11.0 |
       Dungeon |     11 |     11 |      0 |      0 |      1 |   1 |   11.0 |
               +--------+--------+--------+--------+--------+-----+--------+

Top non-repeatable levels by time:
       D: 11 daAuts
